 Dungeon Crawl Stone Soup version 0.30-a0-4-ga7cffc901d (webtiles) character file.

Game seed: 10667502459022185719

74 xian the Cudgeller (level 4, -1/41 HPs)
             Began as a Minotaur Berserker on Aug 20, 2022.
             Was a Believer of Trog.
             Slain by a gnoll
             ... wielding a +0 spear
              (6 damage)
             ... on level 2 of the Dungeon on Aug 21, 2022.
             The game lasted 00:04:38 (1429 turns).

xian the Cudgeller (Minotaur Berserker)             Turns: 1429, Time: 00:04:38

Health: -1/41      AC:  3    Str: 23    XL:     4   Next: 10%
Magic:  3/3        EV: 12    Int:  4    God:    Trog [**....]
Gold:   53         SH:  0    Dex: 10    Spells: 3/3 levels left

rFire   . . .      SeeInvis .    a - +0 mace
rCold   . . .      Faith    .    (no shield)
rNeg    . . .      Spirit   .    b - +0 animal skin
rPois   .          Reflect  .    n - +1 hat
rElec   .          Harm     .    (no cloak)
rCorr   .          Rampage  .    (no gloves)
Will    .....                    (no boots)
Stlth   +.........               (no amulet)
HPRegen 0.13/turn                (no ring)
MPRegen 0.08/turn                (no ring)

@: on berserk cooldown, slowed, very slow
A: horns 2, retaliatory headbutt
a: Renounce Religion, Berserk, Trog's Hand


You were on level 2 of the Dungeon.
You worshipped Trog.
Trog was pleased with you.
You visited 1 branch of the dungeon, and saw 2 of its levels.

You collected 53 gold pieces.

Inventory:

Hand Weapons
 a - a +0 mace (weapon)
Missiles
 j - 5 poisoned darts (quivered)
Armour
 b - a +0 animal skin (worn)
 n - a +1 hat (worn)
Scrolls
 e - 3 scrolls of enchant weapon {unknown}
 f - a scroll of torment {unknown}
 g - a scroll of silence {unknown}
 l - a scroll of vulnerability {unknown}
 m - a scroll of magic mapping {unknown}
 o - a scroll of noise {unknown}
Potions
 c - a potion of cancellation {unknown}
 d - a potion of berserk rage {unknown}
 h - a potion of heal wounds {unknown}
 i - a potion of attraction {unknown}
 k - a potion of haste {unknown}


   Skills:
 + Level 4.6 Fighting
 + Level 4.9 Maces & Flails
 + Level 2.6 Armour
 + Level 2.5 Dodging


You had 3 spell levels left.
You didn't know any spells.
Your spell library was empty.

Dungeon Overview and Level Annotations

Branches:
Dungeon (2/15)

Altars:

Shops:
D:2 =


Innate Abilities, Weirdness & Mutations

You have a pair of horns on your head.
You reflexively headbutt those who attack you in melee.


Message History

A red film seems to cover your vision as you go berserk!
You feel yourself moving faster!
You feel mighty! The rat bites you but does no damage.
You thump the rat!
You kill the rat!
Trog accepts your kill.
You hit the goblin.
You kill the goblin!
Trog accepts your kill.
Things that are here:
a +0 club; a rat corpse You hit the gnoll.
The gnoll is moderately wounded.
The gnoll closely misses you.
You sock the gnoll!
The gnoll is almost dead.
The gnoll hits you with a +0 halberd!
You hit the gnoll.
You kill the gnoll!
Trog accepts your kill.
You have reached level 4!
You feel agile.
You see here a +0 halberd.
You feel a strong urge to attack something.
You are no longer berserk.
You are exhausted.
You feel yourself slow down.
You see here a ball python skeleton.
A gnoll is nearby!
The gnoll shouts!
The gnoll hits you with a +0 spear! x2
You hit the gnoll but do no damage. The gnoll barely misses you.
The gnoll hits you with a +0 spear!
You barely miss the gnoll. The gnoll hits you with a +0 spear.
* * * LOW HITPOINT WARNING * * *
Unknown command.
You barely miss the gnoll. The gnoll hits you with a +0 spear.
* * * LOW HITPOINT WARNING * * *
The gnoll hits you with a +0 spear.
You die...

#.# #.###.######g# #.#
#.# #.# #g# #?# #.# #.#
#.# ##.####.###.######.#
#..................#####
#..#.......g####†........
#..#.###.#### #.########
.####.<#.###.#######.#
#........)).g@..÷.....#
######.>.####<######..#
#...####.# #..#######
#........######........#
##..####....†..∩.#####.#
#..# #..#####..# #..#
#..# #..#
#..####..#####..#
#.................


You could see a gnoll.

Vanquished Creatures
  3 gnolls
  A dart slug (D:1)
  6 ball pythons
  3 bats
  4 endoplasms
  4 hobgoblins (D:1)
  4 jackals (D:1)
  A frilled lizard (D:1)
  5 goblins
  7 kobolds
  4 rats
42 creatures vanquished.

Notes
Turn   | Place    | Note
-------+----------+-------------------------------------------
     0 | D:1      | xian the Minotaur Berserker began the quest for the Orb.
     0 | D:1      | Reached XP level 1. HP: 19/19 MP: 0/0
   229 | D:1      | Reached XP level 2. HP: 27/27 MP: 1/1
   369 | D:1      | Reached XP level 3. HP: 29/34 MP: 2/2
   873 | D:1      | Found a faded altar of an unknown god.
   946 | D:2      | Found Seos's Jewellery Emporium.
   977 | D:2      | Reached ** piety under Trog
  1073 | D:2      | HP: 1/34 [constriction (1)]
  1416 | D:2      | Reached XP level 4. HP: 41/41 MP: 3/3
  1429 | D:2      | Slain by a gnoll

Illustrated notes

Levels and vault maps discovered:
D:1:      dpeg_arrival_rooms_a, layout_basic,
          ebering_ecumenical_altar_abandoned, minmay_hedge_maze,
          minmay_tetromino_o2
D:2:      layout_loops_ring, serial_shops, shop, minmay_small_reverse_x,
          uniq_crazy_yiuf_cottage

Skill      XL: |  1  2 |
---------------+-------+-----
Fighting       | 4 |  4.6
Maces & Flails | 4 |  4.9
Armour         | |  2.6
Dodging        | |  2.5

Action                   |  1- 3 |  4- 6 || total
-------------------------+-------+-------++-------
Melee: Mace              |    68 |     3 ||    71
       Headbutt          |     8 |       ||     8
Throw: Dart              |     1 |       ||     1
Invok: Berserk           |     2 |       ||     2
Armor: Animal skin       |    25 |       ||    25
Dodge: Dodged            |    45 |     1 ||    46

Table legend: (Time is in decaauts)
 A = Elapsed time spent in this place.
 B = Non-inter-level travel time spent in this place.
 C = Inter-level travel time spent in this place.
 D = Time resting spent in this place.
 E = Time spent auto-exploring this place.
 F = Levels seen in this place.
 G = Mean time per level.
                   A        B        C        D        E       F      G
               +--------+--------+--------+--------+--------+-----+--------+
         Total |   1452 |   1399 |     53 |    291 |    722 |   2 |  726.0 |
       Dungeon |   1452 |   1399 |     53 |    291 |    722 |   2 |  726.0 |
               +--------+--------+--------+--------+--------+-----+--------+

Top non-repeatable levels by time:
     D:1: 1249 daAuts
     D:2: 203 daAuts
